 Dungeon Crawl Stone Soup version 0.31.0-12-g77e489cdc1 (webtiles) character file.

Game seed: 8645953697169340479

23 Kallu the Conjurer (level 2, 0/20 HPs)
             Began as a Draconian Conjurer on Feb 29, 2024.
             Was a Follower of Nemelex Xobeh.
             Slain by an adder (1 damage)
             ... on level 1 of the Dungeon.
             The game lasted 00:01:37 (1241 turns).

Kallu the Conjurer (Draconian Conjurer)             Turns: 1241, Time: 00:01:38

Health: 0/20       AC:  4    Str:  9    XL:     2   Next: 75%
Magic:  0/6        EV: 12    Int: 18    God:    Nemelex Xobeh [*.....]
Gold:   7          SH:  0    Dex:  9    Spells: 4/7 levels left

rFire   . . .        b - +2 mace (drain)
rCold   . . .        (no shield)
rNeg    . . .        (body armour unavailable)
rPois   .            (helmet restricted)
rElec   .            (no cloak)
rCorr   .            (no gloves)
SInv    .            (no boots)
Will    .....        (no amulet)
Stlth   ++           (no ring)
HPRegen 0.23/turn    (no ring)
MPRegen 0.10/turn

%: no passive effects
@: mighty, attractive
A: AC +4, unfitting armour, cold-blooded
a: Renounce Religion, Draw Escape, Draw Destruction, Draw Summoning


You were on level 1 of the Dungeon.
You worshipped Nemelex Xobeh.
Nemelex Xobeh was aware of your devotion.
You visited 1 branch of the dungeon, and saw 2 of its levels.

You collected 7 gold pieces.

Inventory:

Hand Weapons
 b - a +2 mace of draining (weapon)
Jewellery
 f - a ring of protection from fire
Scrolls
 d - 3 scrolls of identify {unknown}
Potions
 a - 2 potions of magic
 e - a potion of heal wounds {unknown}


   Skills:
 - Level 1.7 Dodging
 - Level 1.7 Stealth
 * Level 3.2 Spellcasting
 - Level 4.0 Conjurations


You had 4 spell levels left.
You knew the following spells:

 Your Spells              Type           Power      Damage    Failure   Level
a - Magic Dart            Conj           68%        1d6       3%          1
b - Searing Ray           Conj           34%        2d5       4%          2

Your spell library contained the following spells:

 Spells                   Type           Power      Damage    Failure   Level
 Fulminant Prism          Conj/Alch      5%         3d7       56%         4
 Iskenderun's Mystic Bla  Conj/Tloc      10%        2d4       56%         4


Dungeon Overview and Level Annotations

Branches:
Dungeon (2/15)

Altars:
Nemelex Xobeh

Shops:
D:1 **

Annotations:
D:2 Natasha


Innate Abilities, Weirdness & Mutations

Your plain brown scales are hard. (AC +4)
You cannot fit into any form of body armour.
You are cold-blooded and may be slowed by cold attacks.


Message History

The cerulean imp hits you but does no damage.
The adder bites you but does no damage. The cerulean imp barely misses you.
There is an escape hatch in the ceiling here.
The adder bites you.
You are poisoned.
The adder poisons you!
The cerulean imp hits you from afar with a +0 spear.
* * * LOW HITPOINT WARNING * * *
A mysterious force pulls you upwards. The hatch slams shut behind you.
* * * LOW HITPOINT WARNING * * *
You feel sick.
Casting: Searing Ray (safe; 4% risk of failure)
Confirm with . or Enter, or press ? or * to list all spells.
Aiming: Searing Ray (safe; 4% risk of failure)
Press: ? - help, Shift-Dir - straight line, f - adder
Aim: an adder (lightly wounded, 63% to hit)
The searing ray hits the adder.
The adder is severely wounded. (Press . to maintain the ray.)
* * * LOW HITPOINT WARNING * * *
You feel sick. The adder bites you but does no damage.
The searing ray misses the adder.
* * * LOW HITPOINT WARNING * * *
You feel sick. The adder bites you but does no damage.
The adder closely misses you.
You barely miss the adder.
The adder is severely wounded.
* * * LOW HITPOINT WARNING * * *
You feel sick. The adder closely misses you.
It was a potion of attraction.
You feel attractive to monsters.
* * * LOW HITPOINT WARNING * * *
You feel sick.
You are no longer poisoned.
The adder bites you but does no damage. The adder closely misses you.
It was a potion of might.
You feel very mighty all of a sudden. The adder bites you.
You die...
Your body glows slightly and disappears.

#..###### #.#
###..# #.# .....#
#.# ####'## #.#
##...## #.#
##.....## ###.#
#.......## ##.#.#
.........####...S#
.........'......@#
.........####...##
#.......## ##..#
##.....## ##.#
##...## ####.#####
##'## ###........#
#.# #.>......#.#
#.# #.#....#.#.#
##.## #>#..###.#.#


You could see an adder.

Vanquished Creatures
  A dart slug (D:1)
  An endoplasm (D:1)
  A giant cockroach (D:1)
  2 goblins (D:1)
  3 hobgoblins (D:1)
  4 jackals (D:1)
  3 kobolds (D:1)
  2 frilled lizards (D:1)
  2 rats (D:1)
19 creatures vanquished.

Notes
Turn   | Place    | Note
-------+----------+-------------------------------------------
     0 | D:1      | Kallu the Draconian Conjurer began the quest for the Orb.
     0 | D:1      | Reached XP level 1. HP: 14/14 MP: 3/3
   201 | D:1      | Found Uragah Zewk's Assorted Antiques.
   420 | D:1      | Reached XP level 2. HP: 20/20 MP: 5/5
   568 | D:1      | Found a faded altar of an unknown god.
   711 | D:1      | Prayed at the altar of an unknown god.
   711 | D:1      | Became a worshipper of Nemelex Xobeh the Trickster
   711 | D:1      | Reached * piety under Nemelex Xobeh
   711 | D:1      | Received a gift from Nemelex Xobeh
   820 | D:1      | Found Tumav's General Store.
   858 | D:1      | Learned a level 2 spell: Searing Ray
  1218 | D:2      | Noticed Natasha
  1240 | D:1      | HP: 1/20 [poisoned by an adder]
  1241 | D:1      | Slain by an adder

Illustrated notes

Levels and vault maps discovered:
D:1:      psy_arrival_heroes, layout_loops_corners, serial_shops,
          nicolae_shop_waterfront, shop, chequers_ecumenical_altar_grove
D:2:      layout_loops_corners, basic_altar, lightli_corner_chamber,
          uniq_natasha, uniq_terence, uniq_jessica, uniq_robin

Skill      XL: |  1  2 |
---------------+-------+-----
Spellcasting   | 3 |  3.2
Dodging        | |  1.7
Stealth        | |  1.7
Conjurations   | |  4.0

Action                     || total
---------------------------++-------
  Melee: Unarmed           ||    14
         Mace              ||    36
         Tailslap          ||     3
         Punch             ||     1
   Cast: Magic Dart        ||     7
         Searing Ray       ||     2
    Use: Potion            ||     2
   Stab: Sleeping          ||     1
 Armour: Skin              ||    43
  Dodge: Dodged            ||    41
